Unix NetHack Version 3.7.0-101 Work-in-progress - last build Mar 4 2024 13:34:30 (3c4ac04b664b9ee0831c739617f054b5b60dbfd1,branch:master). Game began 2024-03-10 11:03:04, ended 2024-03-10 11:14:45. Cloudmillion, lawful female human Valkyrie -- -- -.--------- ------. ..... ....--.......------ ....#....|..--...|.--.--- .G..{....-|..........-- -.@...#..|...<.......| |.@......|..........-| --G--...----.........| .. |...| |......| .-- |+(@|...+ --.---.|...--- |(((|...------..........| ----|....)%....-..----- |........--..-- |..-----.||.-- |..| |.||.| -..+ |.--.| ...| |. .| ...| |. .- ----- |. . ----.- --- Cloudmillion the Fighter St:18 Dx:14 Co:16 In:10 Wi:9 Ch:9 Lawful Dlvl:6 $:229 HP:0(52) Pw:7(7) AC:5 Xp:6 T:2134 Latest messages: The straw golem hits! The straw golem hits again! You hit the straw golem! The straw golem hits! The straw golem hits again! You hit the straw golem! The straw golem hits! The straw golem misses! You destroy the straw golem! What do you want to eat? [dG or ?*] G You resume your meal. You finish eating the food ration. You hear crashing rock. An arrow shoots out at you! You are hit by an arrow! You hear crashing rock. You descend the stairs. You hear a door open. You hear a door open. You hear a door open. You hear someone praising Tyr. You are carrying too much to get through. You hear a door open. You hear crashing rock. You hit the gnome lord! You kill the gnome lord! Welcome to experience level 6. You see here a gnome lord corpse. The gnome wields an aklys! You kill the gnome! You see here an aklys. You hear the splashing of a naiad. You see a door open. The gnome lord hits! You miss the gnome lord. The gnome lord hits! You hear a nearby zap. The wand hits you! You hit the gnome lord! The gnome lord hits! You hit the gnome lord! The gnome zaps a glass wand! The wand hits you! You die... Izchak looks at your corpse, shakes his head, and sighs. Do you want your possessions identified? [ynq] (y) y Do you want to see your attributes? [ynq] (y) y Do you want an account of creatures vanquished? [ynaq] (y) y Do you want to see your conduct and achievements? [ynq] (y) y Do you want to see the dungeon overview? [ynq] (y) y Inventory: Coins $ - 229 gold pieces Weapons b - a +0 dagger (alternate weapon; not wielded) a - a +1 spear (weapon in right hand) B - a +0 quarterstaff Armor h - an uncursed +0 pair of gauntlets of dexterity (being worn) c - an uncursed +3 small shield (being worn) q - an uncursed +0 chain mail Comestibles d - 3 uncursed food rations Scrolls C - an uncursed scroll of earth o - 2 uncursed scrolls of food detection k - an uncursed scroll of light H - an uncursed scroll of scare monster i - an uncursed scroll of teleportation Spellbooks D - an uncursed spellbook of confuse monster A - an uncursed spellbook of create monster t - an uncursed spellbook of levitation Potions v - an uncursed potion of enlightenment g - 3 uncursed potions of healing y - an uncursed potion of paralysis x - an uncursed potion of water Wands r - a wand of create monster (0:12) Tools F - an uncursed tooled horn I - an uncursed tallow candle Gems/Stones z - an uncursed worthless piece of violet glass s - a cursed worthless piece of yellow glass u - an uncursed worthless piece of yellowish brown glass E - an uncursed touchstone Cloudmillion the Valkyrie's attributes: Background: You were a Fighter, a level 6 human Valkyrie. You were lawful, on a mission for Tyr who was opposed by Odin (neutral) and Loki (chaotic). You were right-handed. You were in the Gnomish Mines, on level 6. You entered the dungeon 2134 turns ago. There was a new moon in effect when your adventure ended. You had 328 experience points, 312 more were needed to attain level 7. Basics: You had 0 out of 52 hit points. You had all 7 energy points (spell power). Your armor class was 5. Your wallet contained 229 zorkmids. Autopickup was off. Final Characteristics: Your strength was 18 (limit:18/100). Your dexterity was 14 (limit:18). Your constitution was 16 (limit:18). Your intelligence was 10 (limit:18). Your wisdom was 9 (limit:18). Your charisma was 9 (limit:18). Final Status: You weren't hungry. You were unencumbered. You were wielding a spear. You had basic skill with spear and could have enhanced that. Final Attributes: You were piously aligned. You were cold resistant. You were stealthy. You are dead. Miscellaneous: You never encountered a bones level. Total elapsed playing time was 11 minutes and 40 seconds. Major events: Turn 1: Cloudmillion the lawful human Valkyrie entered the dungeon 856: entered the Gnomish Mines 906: attained the rank of Skirmisher (level 3) 2101: reached Mine Town 2117: attained the rank of Fighter (level 6) 2134: killed by a wand Vanquished creatures: 4 gnome leaders a straw golem a giant ant a kobold shaman 2 dwarf zombies a wererat an iguana 4 coyotes a large kobold 7 giant rats 2 cave spiders 21 gnomes 2 garter snakes 2 gnome zombies a gecko 2 jackals 2 foxes a kobold a goblin 3 sewer rats 2 grid bugs 2 bats 2 lichens 5 newts 71 creatures vanquished. No species were genocided or became extinct. Voluntary challenges: You were vegetarian. You read items or engraved 4 times. You never engraved Elbereth. You never genocided any monsters. You never polymorphed an object. You never changed form. You used no wishes. Achievements: You entered a shop. You entered the Gnomish Mines. You attained the rank of Skirmisher. You entered Minetown. You attained the rank of Fighter. The Dungeons of Doom: levels 1 to 5 Level 1: A sink. Level 2: A fountain. Level 3: Stairs down to The Gnomish Mines. Level 4: A fountain. Level 5: The Gnomish Mines: levels 4 to 6 Level 4: Level 5: Level 6: <- You were here. A fountain, some trees. Final resting place for you, killed by a wand. Game over: ---------- / \ / REST \ / IN \ / PEACE \ / \ | Cloudmillion | | 229 Au | | killed by a wand | | | | | | | | 2024 | *| * * * | * _________)/\\_//(\/(/\)/\//\/|_)_______ Farvel Cloudmillion the Valkyrie... You died in The Gnomish Mines on dungeon level 6 with 1789 points, and 229 pieces of gold, after 2134 moves. You were level 6 with a maximum of 52 hit points when you died.